 Dungeon Crawl Stone Soup version 0.23.2-40-g277498a001 (webtiles) character file.

Game seed: 13101343775229513026

70999 Amplified the Fighter (level 14, -9/121 HPs)
             Began as a Mummy Skald on Aug 18, 2019.
             Was an Initiate of Gozag.
             Killed by divine providence
             ... invoked by a meliai
              (17 damage)
             ... on level 12 of the Dungeon.
             The game lasted 01:07:51 (28607 turns).

Amplified the Fighter (Mummy Skald)                Turns: 28607, Time: 01:07:51

Health: -9/121     AC: 18    Str: 20    XL:     14   Next: 96%
Magic:  20/23      EV: 15    Int: 20    God:    Gozag
Gold:   284        SH:  5    Dex: 11    Spells: 14/25 levels left

rFire    + . .     SeeInvis .   I - +2 demon whip of Amiluo Isuipt {venom, +Fly}
rCold    + . .     Gourm    .   (no shield)
rNeg     + + +     Faith    .   h - +0 ring mail
rPois    ∞         Spirit   .   k - +0 helmet {Int+3}
rElec    .         Reflect  +   e - +2 cloak
rCorr    .         Harm     .   K - +1 pair of gloves of Gestures {Str+3}
MR       +....                  p - +0 pair of boots
Stlth    ++........             m - +5 amulet of reflection
HPRegen  0.30/turn              L - ring of Heresy {rF++ AC+3 Str+2}
MPRegen  0.18/turn              a - ring "Ceifo" {+Blink Stlth+}

@: gold aura
A: no food or potions, fire vulnerability, cold resistance 1, negative energy
resistance 3, torment resistance, unbreathing, in touch with death 1
a: Potion Petition, Call Merchant, Bribe Branch, Renounce Religion, Evoke Blink,
Evoke Flight


You were on level 12 of the Dungeon.
You worshipped Gozag.
Gozag was aware of your devotion.
You were not hungry.

You visited 4 branches of the dungeon, and saw 24 of its levels.
You also visited: Sewer and Gauntlet.

You collected 6836 gold pieces.
You spent 1580 gold pieces at shops.
You paid 4972 gold pieces to Gozag.

Inventory:

Hand Weapons
 z - the +8 hunting sling of Optimality {speed, rElec rPois rN+}
   (You found it on level 1 of the Lair of Beasts)

   Attacks with this weapon are significantly faster.
   It insulates you from electricity.
   It protects you from poison.
   It protects you from negative energy.
 I - the +2 demon whip of Amiluo Isuipt (weapon) {venom, +Fly}
   (You bought it in a shop on level 4 of the Lair of Beasts)

   It poisons the flesh of those it strikes.
   It lets you fly.
Missiles
 j - 117 poisoned needles
 u - 48 sling bullets
 w - 167 stones (quivered)
 F - 5 curare-tipped needles
Armour
 e - a +2 cloak (worn)
 h - a +0 ring mail (worn)
 k - a +0 helmet of intelligence (worn)
 o - a +0 large shield
 p - a +0 pair of boots (worn)
 K - the +1 pair of gloves of Gestures (worn) {Str+3}
   (You bought it in a shop on level 15 of the Dungeon)

   It affects your strength (+3).
Magical Staves
 v - an uncursed staff of conjuration
 x - an uncursed staff of earth
Jewellery
 a - the ring "Ceifo" (right hand) {+Blink Stlth+}
   (You bought it in a shop on level 7 of the Dungeon)

   [ring of stealth]

   It lets you blink.
   It makes you more stealthy.
 b - an uncursed ring of resist corrosion
 d - an uncursed ring of flight
 g - an uncursed amulet of regeneration
 i - an uncursed amulet of the acrobat
 m - a +5 amulet of reflection (around neck)
 t - an uncursed ring of see invisible {unknown}
 A - an uncursed ring of protection from fire
 D - a +4 ring of evasion
 L - the ring of Heresy (left hand) {rF++ AC+3 Str+2}
   (You bought it in a shop on level 10 of the Dungeon)

   [ring of protection]

   It affects your AC (+3).
   It affects your strength (+2).
   It greatly protects you from fire.
Wands
 l - a wand of digging (7)
 n - a wand of scattershot (8)
 r - a wand of flame (37)
 y - a wand of polymorph (23)
 G - a wand of iceblast (6)
 J - a wand of random effects (23)
Scrolls
 c - 2 scrolls of fog
 f - 6 scrolls of remove curse
 q - 4 scrolls of enchant weapon
 s - 4 scrolls of amnesia
 B - a scroll of enchant armour
 C - a scroll of silence
 H - 4 scrolls of identify


   Skills:
 * Level 14.5 Fighting
 - Level 12.6 Maces & Flails
 * Level 7.9 Armour
 * Level 9.2 Dodging
 - Level 6.4 Spellcasting
 - Level 2.7 Hexes
 - Level 2.4 Charms
 - Level 4.6 Summonings
 - Level 3.3 Air Magic


You had 14 spell levels left.
You knew the following spells:

 Your Spells              Type           Power        Failure   Level  Hunger
a - Infusion              Chrm           ###.         6%          1    N/A
b - Spectral Weapon       Hex/Chrm       ###.....     16%         3    N/A
c - Song of Slaying       Chrm           ###.....     9%          2    N/A
d - Confusing Touch       Hex            ###...       4%          1    N/A
e - Summon Lightning Spi  Summ/Air       ###.....     30%         4    N/A

Your spell library contained the following spells:

 Spells                   Type           Power        Failure   Level  Hunger
 Summon Small Mammal      Summ           ###.         2%          1    N/A
 Call Imp                 Summ           ###.....     3%          2    N/A
 Call Canine Familiar     Summ           ###.....     7%          3    N/A
 Summon Guardian Golem    Hex/Summ       ###.....     11%         3    N/A
 Shroud of Golubria       Chrm/Tloc      ##........   14%         2    N/A
 Animate Skeleton         Necr           N/A          16%         1    N/A
 Apportation              Tloc           #.....       16%         1    N/A
 Sandblast                Erth           #.....       16%         1    N/A
 Confuse                  Hex            ###.....     16%         3    N/A
 Passwall                 Tmut/Erth      #.......     24%         2    N/A
 Sticks to Snakes         Tmut           #.......     24%         2    N/A
 Gell's Gravitas          Tloc           #.........   43%         3    N/A
 Stone Arrow              Conj/Erth      #.....       43%         3    N/A
 Summon Ice Beast         Ice/Summ       ###.....     52%         4    N/A
 Petrify                  Tmut/Erth      #.......     83%         4    N/A
 Metabolic Englaciation   Hex/Ice        ##........   94%         5    N/A
 Yara's Violent Unravell  Hex/Tmut       ##........   94%         5    N/A
 Lee's Rapid Deconstruct  Erth           #.........   99%         5    N/A
 Beastly Appendage        Tmut           Unusable     N/A         1    N/A
 Regeneration             Chrm/Necr      Unusable     N/A         3    N/A
 Spider Form              Tmut/Pois      Unusable     N/A         3    N/A
 Ice Form                 Ice/Tmut       Unusable     N/A         4    N/A
 Blade Hands              Tmut           Unusable     N/A         5    N/A

Dungeon Overview and Level Annotations

Branches:
Dungeon (15/15)            Temple (1/1) D:6            Lair (6/6) D:9
 Shoals (0/4) Lair:2        Snake (0/4) Lair:3        Slime (0/5) Lair:5
    Orc (2/2) D:11            Elf (0/3) Orc:2        Depths (0/5) D:15
 Vaults: D:13-14

Altars:
Ashenzari
Cheibriados
Dithmenos
Elyvilon
Fedhas
Gozag
Hepliaklqana
Kikubaaqudgha
Makhleb
Nemelex Xobeh
Okawaru
Qazlal
Ru
Sif Muna
Trog
Uskayaw
Vehumet
Wu Jian
Xom
Yredelemnul
Zin
The Shining One

Shops:
D:7 *   D:8 }   D:10 =   D:13 :   D:15 [   Orc:1 ?   Lair:4 (

Annotations:
D:11 2 transporters, Thargor's ghost, journeyman DEWz
D:14 exclusion: obsidian statue, Snorg
Lair:1 exclusion: oklob plant
Lair:4 1 runed translucent door, spacerossing's ghost, journeyman TeBe
Lair:5 exclusion: oklob plant
Lair:6 Kirke
Orc:1 exclusion: oklob plant


Innate Abilities, Weirdness & Mutations

You do not eat or drink.
Your flesh is vulnerable to fire.
You are immune to poison.
Your flesh is cold resistant. (rC+)
You are immune to negative energy. (rN+++)
You are immune to unholy pain and torment.
You can survive without breathing.
You are in touch with the powers of death.


Message History

Confirm with . or Enter, or press ? or * to list all spells.
Okay, then.
You blink.
You block the meliai's attack.
The meliai stings you but does no damage.
You need at least 400 gold to purchase potions right now!
Unknown command.
You blink.
Unknown command.
The meliai is no longer distracted by gold.
The meliai invokes the aid of its god against you.
Something smites you!
* * * LOW HITPOINT WARNING * * *
Unknown command.
Okay, then.
As you read the scroll of fog, it crumbles to dust.
The scroll dissolves into smoke.
The meliai invokes the aid of its god against you.
Something smites you!
You die...
Your body crumbles into a pile of gold.

#.# %# .........
####.#### %# (........
##....#..### .# ........
##..........###$#
#####...
#....#######.$$y# #...
#....=≈≈8≈≈..#### # #...
#......≈≈≈...# ####.+
####
##..........####§§..#
##..
##...##.......§@§..+
#..# ########..(y.§§§.##
#... #.......§.## #...
#.....%....# ########...
#...y.....####.(........
#.........###.(###...>..
#.............## #......
############### #......
#......


You could see 2 meliai.

Vanquished Creatures
  Agnes (D:15)
  A minotaur (shapeshifter) (D:11)
  An ogre mage (Orc:1)
  A vault guard (D:14)
  Erica (D:10)
  2 catoblepae
  6 hydras
  4 centaur warriors
  9 two-headed ogres
  A queen ant (D:8)
  A deep elf knight (D:14)
  A skeletal warrior (D:14)
  2 unseen horrors
  A glowing orange brain (D:15)
  A lindwurm (Lair:5)
  A wolf spider zombie (D:15)
  9 ugly things
  2 cyclopes
  A salamander (shapeshifter) (D:15)
  A deep elf mage (D:12)
  14 elephants
  4 black mambas
  A guardian serpent (D:11)
  An eye of devastation (Lair:5)
  A rime drake (shapeshifter) (D:15)
  A gargoyle (D:14)
  7 spiny frogs
  2 freezing wraiths
  A redback zombie (D:15)
  3 rime drakes
  An efreet (D:14)
  10 komodo dragons
  4 trolls
  A meliai (D:12)
  A hornet (D:7)
  A queen bee (shapeshifter) (D:15)
  A wolf spider simulacrum (D:14)
  3 polar bears
  A snapping turtle (shapeshifter) (D:15)
  Prince Ribbit (Lair:1)
  12 blink frogs
  3 hippogriffs
  2 slime creatures (D:15)
  A spriggan (shapeshifter) (D:15)
  2 wyverns
  A vampire (D:11)
  3 fire elementals (D:13)
  2 wraiths (D:14)
  6 hogs (Lair:6)
  36 yaks
  4 basilisks
  2 hungry ghosts
  3 nagas (Lair:3)
  3 wargs (Orc:1)
  8 soldier ants (D:8)
  9 water moccasins
  2 hell hounds (D:13)
  Duvessa (D:4)
  A hornet zombie (D:10)
  6 porcupines
  19 orc warriors
  3 sky beasts
  A phantom (D:10)
  3 black bears
  2 eyes of draining
  2 ice beasts
  13 ogres
  17 wolves
  9 centaurs
  7 crocodiles
  6 big kobolds
  15 bullfrogs
  Dowan (D:4)
  2 gnoll sergeants
  6 scorpions
  15 killer bees
  2 electric eels
  6 howler monkeys
  7 crimson imps
  2 jellies
  5 centaur zombies
  2 bullfrog zombies (D:5)
  4 hounds
  11 orc priests
  18 orc wizards
  3 bullfrog skeletons
  3 centaur skeletons
  3 iguanas
  4 hell rats
  31 worker ants
  Robin (D:3)
  A worker ant zombie (D:5)
  A river rat (D:5)
  18 adders
  19 gnolls
  A howler monkey skeleton (D:11)
  A shadow imp (D:13)
  An ooze (D:3)
  An adder zombie (D:5)
  An adder skeleton (D:7)
  3 worms
  2 dart slugs (D:1)
  6 leopard geckos
  83 orcs
  5 giant cockroaches
  13 goblins
  8 hobgoblins
  13 jackals
  11 quokkas
  4 ball pythons
  19 bats
  4 frilled lizards
  A jackal zombie (D:5)
  14 kobolds
  A leopard gecko skeleton (D:4)
  A quokka skeleton (D:5)
  11 rats
  3 spectral weapons
682 creatures vanquished.

Vanquished Creatures (collateral kills)
  Azrael (D:13)
  A death knight (D:14)
  A hell hound (D:13)
  An orc wizard (D:15)
  A gnoll (D:11)
  2 orcs (D:11)
7 creatures vanquished.

Vanquished Creatures (others)
  A black bear (D:13)
  A quokka (D:14)
  15 fungi
  26 plants
  20 spectral weapons
63 creatures vanquished.

Grand Total: 752 creatures vanquished

Notes
Turn   | Place    | Note
-------+----------+-------------------------------------------
     0 | D:1      | Amplified the Mummy Skald began the quest for the Orb.
     0 | D:1      | Reached XP level 1. HP: 16/16 MP: 4/4
   270 | D:1      | Reached XP level 2. HP: 23/23 MP: 5/5
   834 | D:2      | Reached XP level 3. HP: 25/28 MP: 1/7
   910 | D:2      | Reached skill level 3 in Fighting
   960 | D:2      | Learned a level 3 spell: Spectral Weapon
   994 | D:2      | Learned a level 2 spell: Song of Slaying
  1250 | D:2      | Reached XP level 4. HP: 34/35 MP: 8/8
  2342 | D:4      | Reached XP level 5. HP: 34/42 MP: 2/10
  2380 | D:4      | Noticed Dowan
  2387 | D:5      | Entered Level 5 of the Dungeon
  2488 | D:5      | Reached skill level 4 in Fighting
  2563 | D:5      | Reached XP level 6. HP: 37/48 MP: 8/12
  2568 | D:5      | Found a glowing drain.
  2753 | Sewer    | Entered a sewer
  3001 | D:5      | Reached skill level 5 in Spellcasting
  3180 | D:4      | Noticed a sky beast
  3190 | D:5      | Reached XP level 7. HP: 43/55 MP: 14/14
  3307 | D:5      | Reached skill level 5 in Fighting
  3307 | D:5      | Reached skill level 1 in Hexes
  3812 | D:4      | Noticed Duvessa
  4027 | D:3      | Noticed Robin
  4065 | D:3      | Killed Robin
  4099 | D:3      | Reached XP level 8. HP: 46/64 MP: 15/15
  4567 | D:4      | Killed Duvessa
  4567 | D:4      | Reached skill level 6 in Fighting
  4567 | D:4      | Reached skill level 5 in Maces & Flails
  4567 | D:4      | Reached skill level 1 in Armour
  4582 | D:4      | Killed Dowan
  5014 | D:6      | Found a staircase to the Ecumenical Temple.
  5053 | Temple   | Entered the Ecumenical Temple
  5219 | Temple   | Became a worshipper of Gozag Ym Sagoz the Greedy
  5385 | D:6      | Reached skill level 7 in Fighting
  5581 | D:7      | Noticed a hornet
  5586 | D:7      | Identified a scroll of acquirement
  5620 | D:7      | Killed a hornet
  5620 | D:7      | Reached XP level 9. HP: 25/72 MP: 5/16
  5692 | D:7      | Bought a bound pewter ring for 135 gold pieces
  5692 | D:7      | Identified the ring "Ceifo" {+Blink Stlth+} (You bought it
                  | in a shop on level 7 of the Dungeon)
  6287 | D:7      | Learned a level 1 spell: Confusing Touch
  6755 | D:8      | Noticed a two-headed ogre
  6799 | D:8      | Killed a two-headed ogre
  6799 | D:8      | Reached skill level 8 in Fighting
  6915 | D:8      | Found Vyamiewn's Gadget Emporium.
  7135 | D:8      | Reached XP level 10. HP: 77/82 MP: 17/17
  7534 | D:8      | Reached skill level 9 in Fighting
  7612 | D:8      | Noticed a queen ant
  7631 | D:8      | Killed a queen ant
  7941 | D:8      | Identified the cursed +0 robe of Yredelemnul's Pride {+Inv
                  | rF- rC+ Dex+8} (You found it on level 8 of the Dungeon)
  8011 | D:9      | Found a shimmering altar of Xom.
  8018 | D:9      | Found a shimmering altar of Xom.
  8173 | D:9      | Found a glowing golden altar of the Shining One.
  8378 | D:9      | Reached skill level 5 in Dodging
  8570 | D:9      | Found a staircase to the Lair.
  8645 | D:10     | Entered Level 10 of the Dungeon
  8770 | D:10     | Reached skill level 10 in Fighting
  8829 | D:10     | Noticed Erica
  8893 | D:10     | Killed Erica
  8893 | D:10     | Reached XP level 11. HP: 65/91 MP: 18/18
  9168 | D:11     | Found a transporter.
  9168 | D:11     | Found a transporter.
  9175 | D:11     | Noticed Thargor's ghost (journeyman DEWz)
  9443 | D:11     | Noticed a white ugly thing
  9812 | D:11     | Noticed a two-headed ogre
  9864 | Lair:1   | Entered Level 1 of the Lair of Beasts
  9910 | Lair:1   | Got a jewelled hunting sling
  9911 | Lair:1   | Identified the +8 hunting sling of Optimality {speed, rElec
                  | rPois rN+} (You found it on level 1 of the Lair of Beasts)
  9925 | Lair:1   | Noticed Prince Ribbit
  9952 | Lair:1   | Killed Prince Ribbit
 10171 | Lair:1   | Learned a level 4 spell: Summon Lightning Spire
 10190 | Lair:1   | Found a gate leading to a gauntlet.
 10200 | Gauntlet | Entered a Gauntlet
 10200 | Gauntlet | Found a transporter.
 10200 | Gauntlet | Found a transporter.
 10210 | Gauntlet | Found a transporter.
 10213 | Gauntlet | Found a transporter.
 10224 | Gauntlet | Found a transporter.
 10226 | Gauntlet | Noticed a thrashing horror
 10231 | Gauntlet | Found a runed translucent door.
 10233 | Gauntlet | Found a transporter.
 10250 | Gauntlet | Found a transporter.
 10250 | Gauntlet | Noticed a necromancer
 10250 | Gauntlet | Noticed a death yak
 10251 | Gauntlet | Noticed a thrashing horror
 10254 | Gauntlet | Noticed a death yak
 10255 | Gauntlet | Noticed a death yak
 10255 | Gauntlet | Found a transporter.
 10256 | Gauntlet | Found a transporter.
 10256 | Gauntlet | Noticed a death yak
 10257 | Gauntlet | Noticed a death yak
 10258 | Gauntlet | Found a transporter.
 10258 | Gauntlet | Noticed a death yak
 10259 | Gauntlet | Noticed a necromancer
 10268 | Gauntlet | Found a transporter.
 10287 | Gauntlet | Found the cursed necklace of Bloodlust {*Rage +Rage MR++
                  | Int-3 Slay+6 *Curse}
 10305 | Gauntlet | Found the +6 Majin-Bo {vamp, Archmagi MP+6 Int+6}
 10317 | Gauntlet | Found a transporter.
 10317 | Gauntlet | Noticed a tengu warrior
 10399 | Lair:1   | Reached skill level 1 in Air Magic
 10676 | D:11     | You fall through a shaft for 3 floors!
 10676 | D:14     | Noticed a green ugly thing
 10677 | D:14     | Noticed an obsidian statue
 10677 | D:14     | Noticed a green ugly thing
 10677 | D:14     | Noticed a green ugly thing
 10677 | D:14     | Noticed a green ugly thing
 10679 | D:14     | Noticed a green ugly thing
 10679 | D:14     | Noticed a green ugly thing
 11275 | D:13     | Reached skill level 11 in Fighting
 11589 | D:10     | Bought the ring of Heresy {rF++ AC+3 Str+2} for 596 gold
                  | pieces
 11748 | Lair:1   | Noticed an oklob plant
 12232 | Lair:1   | Reached skill level 1 in Summonings
 12505 | Lair:1   | Reached XP level 12. HP: 96/100 MP: 11/19
 13085 | Lair:2   | Reached skill level 10 in Maces & Flails
 13241 | Lair:2   | Found a staircase to the Shoals.
 13338 | Lair:2   | Noticed a four-headed hydra
 13350 | Lair:2   | Killed a four-headed hydra
 13547 | Lair:2   | Reached skill level 12 in Fighting
 14908 | Lair:3   | Found a staircase to the Snake Pit.
 15446 | Lair:3   | Noticed a six-headed hydra
 15465 | Lair:3   | Killed a six-headed hydra
 16361 | Lair:4   | Bought the cursed +2 demon whip of Amiluo Isuipt {venom,
                  | +Fly} for 545 gold pieces
 16624 | Lair:4   | Found a runed translucent door.
 16625 | Lair:4   | Noticed spacerossing's ghost (journeyman TeBe)
 16625 | Lair:4   | Identified the +8 trident "Ogrebane" {flame, Str+2}
 16794 | Lair:5   | Gained mutation: You are in touch with the powers of death.
                  | [Mummy growth]
 16794 | Lair:5   | Reached XP level 13. HP: 103/109 MP: 22/22
 17672 | D:11     | Noticed a minotaur
 17686 | D:11     | Killed a minotaur
 18168 | D:11     | Found a staircase to the Orcish Mines.
 18462 | Orc:1    | Entered Level 1 of the Orcish Mines
 19149 | Lair:5   | Got a steaming dagger
 19150 | Lair:5   | Identified the +3 dagger "Regaj" {protect, MR++ Dex+3} (You
                  | found it on level 5 of the Lair of Beasts)
 19967 | Lair:5   | Found a staircase to the Slime Pits.
 20370 | Lair:6   | Entered Level 6 of the Lair of Beasts
 20452 | Lair:6   | Reached skill level 13 in Fighting
 20594 | Lair:6   | Reached skill level 5 in Armour
 20828 | Lair:6   | Noticed Kirke
 20946 | Lair:6   | Noticed a sphinx
 22261 | D:11     | Reached XP level 14. HP: 118/118 MP: 19/23
 22699 | Orc:1    | Paralysed by an ogre mage for 6 turns
 23013 | Orc:1    | Found Rimoseno's Magic Scroll Shop.
 23250 | Orc:2    | Entered Level 2 of the Orcish Mines
 23250 | Orc:2    | Found a staircase to the Elven Halls.
 23252 | Orc:2    | Paralysed by an orc sorcerer for 7 turns
 24451 | D:13     | Noticed Azrael
 24502 | D:13     | Killed Azrael
 24960 | D:14     | Noticed Snorg
 25498 | D:15     | Entered Level 15 of the Dungeon
 25959 | D:15     | Reached skill level 14 in Fighting
 27044 | D:15     | Noticed Agnes
 27069 | D:15     | Killed Agnes
 27571 | D:15     | Found a deep blue altar of Sif Muna.
 27778 | D:15     | Found a staircase to the Depths.
 28136 | D:15     | Bought a pair of distressingly furry gloves for 304 gold
                  | pieces
 28146 | D:15     | Identified the +1 pair of gloves of Gestures {Str+3} (You
                  | bought it in a shop on level 15 of the Dungeon)
 28607 | D:12     | Killed from afar by a meliai

Skill      XL: |  1  2  3  4  5  6  7  8  9 10 11 12 13 14 |
---------------+-------------------------------------------+-----
Maces & Flails | 2 3 4 5 7 8 9 11 12 | 12.6
Fighting       | 3 4 5 7 8 10 11 12 13 14 | 14.5
Spellcasting   | 3 4 5 6 |  6.4
Hexes          | 2 |  2.7
Armour         | 3 4 5 7 |  7.9
Dodging        | 3 5 6 7 9 |  9.2
Air Magic      | 3 |  3.3
Summonings     | 1 4 |  4.6
Charms         | |  2.4

Action                   |  1- 3 |  4- 6 |  7- 9 | 10-12 | 13-15 || total
-------------------------+-------+-------+-------+-------+-------++-------
Melee: Mace              |   104 |   237 |   472 |       |       ||   813
       Dagger            |       |       |    23 |       |       ||    23
       Whip              |       |       |   106 |  1357 |       ||  1463
       Demon whip        |       |       |       |    68 |  1348 ||  1416
Throw: Throwing net      |       |       |     2 |     1 |     1 ||     4
 Cast: Infusion          |     6 |    10 |     7 |       |       ||    23
       Spectral Weapon   |       |     2 |    16 |    48 |    42 ||   108
       Song of Slaying   |       |     1 |     1 |     2 |       ||     4
       Confusing Touch   |       |       |       |    66 |   112 ||   178
       Summon Lightning  |       |       |       |       |     8 ||     8
Invok: Call Merchant     |       |       |     1 |     2 |     2 ||     5
       Potion Petition   |       |       |       |     1 |       ||     1
 Abil: Evoke Blink       |       |       |       |       |     2 ||     2
Evoke: Wand              |       |     5 |    18 |    12 |    12 ||    47
       Phantom mirror    |       |       |       |       |     2 ||     2
  Use: Scroll            |     4 |     7 |    11 |    15 |    13 ||    50
 Stab: Distracted        |       |       |     1 |     5 |     4 ||    10
       Sleeping          |       |       |     2 |       |       ||     2
       Confused          |       |       |       |    47 |    70 ||   117
       Petrified         |       |       |       |       |     3 ||     3
       Held in net/web   |       |       |       |       |     1 ||     1
Armor: Leather armour    |    32 |       |       |       |       ||    32
       Ring mail         |    16 |   131 |   335 |   338 |   275 ||  1095
Dodge: Dodged            |    69 |   163 |   375 |   688 |   604 ||  1899
Block: Other             |       |       |       |    97 |   180 ||   277
       Reflection        |       |       |       |       |    12 ||    12
